 Dungeon Crawl Stone Soup version 0.26.0-16-gc1dbca0489 (webtiles) character file.

Game seed: 5063380456088055055

18162 hatsuma the Thaumaturge (level 12, -12/64 HPs)
             Began as a Deep Elf Hedge Wizard on Jan 18, 2021.
             Was an Elder of Vehumet.
             Mangled by a cane toad (17 damage)
             ... on level 2 of the Lair of Beasts on Jan 19, 2021.
             The game lasted 04:19:36 (21836 turns).

hatsuma the Thaumaturge (Deep Elf Hedge Wizard)    Turns: 21836, Time: 04:19:36

Health: -12/64     AC: 12    Str:  9    XL:     12   Next: 25%
Magic:  24/30      EV: 13    Int: 26    God:    Vehumet [****..]
Gold:   407        SH:  0    Dex: 14    Spells: 3/35 levels left

rFire    . . .     SeeInvis +   b - +3 dagger (vamp)
rCold    . . .     Faith    .   (no shield)
rNeg     . . .     Spirit   .   o - +1 steam dragon scales
rPois    .         Reflect  .   u - +2 hat {Int+3}
rElec    .         Harm     .   (no cloak)
rCorr    .         Rampage  .   (no gloves)
Will     +....                  w - +2 pair of boots
Stlth    ++........             j - amulet of magic regeneration
HPRegen  0.20/turn              h - ring of wizardry
MPRegen  0.47/turn              E - ring of see invisible

@: lethally poisoned (-12 -> -30), studying Armour
A: no striking features
a: Renounce Religion


You were on level 2 of the Lair of Beasts.
You worshipped Vehumet.
Vehumet was greatly pleased with you.
You visited 3 branches of the dungeon, and saw 14 of its levels.
You also visited: Bailey.

You collected 887 gold pieces.
You spent 480 gold pieces at shops.

Inventory:

Hand Weapons
 a - a +1 shortbow
 b - a +3 vampiric dagger (weapon)
Missiles
 p - 267 arrows
Armour
 o - +1 steam dragon scales (worn)
 u - a +2 hat of intelligence (worn)
 w - a +2 pair of boots (worn)
Jewellery
 h - a ring of wizardry (left hand)
 j - an amulet of magic regeneration (around neck)
 y - an uncursed amulet of faith {unknown}
 E - a ring of see invisible (right hand)
Wands
 c - a wand of polymorph (1)
 q - a wand of flame (4)
Scrolls
 d - 5 scrolls of teleportation
 f - a scroll of fog
 i - 2 scrolls of amnesia {unknown}
 k - 4 scrolls of remove curse
 l - 4 scrolls of fear
 A - 2 scrolls of magic mapping
Potions
 e - 2 potions of brilliance
 g - 2 potions of ambrosia
 m - 6 potions of attraction
 n - a potion of might
 r - a potion of berserk rage {unknown}
 s - 2 potions of curing
 t - 2 potions of magic {unknown}
 v - 4 potions of flight
 x - a potion of haste {unknown}
 z - a potion of degeneration {unknown}
 C - a potion of experience {unknown}
 F - 2 potions of mutation {unknown}
Books
 B - a manual of
Armour
 D - a manual of Armour


   Skills:
 - Level 3.0 Fighting
 - Level 5.0 Armour
 + Level 2.9 Dodging
 - Level 3.4 Stealth
 - Level 12.0 Spellcasting
 - Level 10.0 Conjurations
 - Level 6.1 Hexes
 - Level 7.0 Summonings
 - Level 4.1 Translocations
 - Level 4.0 Transmutations
 - Level 6.0 Fire Magic
 - Level 4.2 Ice Magic
 - Level 4.0 Air Magic
 - Level 5.6 Earth Magic
 - Level 5.2 Poison Magic
 - Level 2.4 Evocations


You had 3 spell levels left.
You knew the following spells:

 Your Spells              Type           Power        Failure   Level
a - Magic Dart            Conj           100%         1%          1
b - Blink                 Tloc           N/A          1%          2
c - Call Imp              Summ           51%          1%          2
d - Slow                  Hex            47%          1%          2
e - Conjure Flame         Conj/Fire      55%          1%          3
f - Mephitic Cloud        Conj/Pois/Air  49%          1%          3
g - Shock                 Conj/Air       100%         1%          1
h - Poisonous Vapours     Pois/Air       78%          1%          2
i - Ignite Poison         Fire/Tmut/Pois 42%          1%          3
j - Foxfire               Conj/Fire      100%         1%          1
k - Passwall              Tmut/Erth      33%          1%          2
l - Frozen Ramparts       Ice            74%          1%          3
m - Inner Flame           Hex/Fire       47%          1%          3
n - Iskenderun's Mystic   Conj/Tloc      51%          1%          4

Your spell library contained the following spells:

 Spells                   Type           Power        Failure   Level
 Ozocubu's Refrigeration  Ice            18%          12%         6
 Animate Skeleton         Necr           30%          1%          1
 Apportation              Tloc           74%          1%          1
 Corona                   Hex            52%          1%          1
 Sandblast                Erth           90%          1%          1
 Sting                    Tmut/Pois      100%         1%          1
 Summon Small Mammal      Summ           100%         1%          1
 Stone Arrow              Conj/Erth      100%         1%          3
 Olgreb's Toxic Radiance  Pois           42%          1%          4
 Petrify                  Tmut/Erth      40%          1%          4
 Bolt of Magma            Conj/Fire/Erth 26%          1%          5
 Iskenderun's Battlesphe  Conj           61%          1%          5
 Lee's Rapid Deconstruct  Erth           22%          1%          5
 Iron Shot                Conj/Erth      27%          3%          6
 Orb of Destruction       Conj           30%          6%          7
 Spellforged Servitor     Conj/Summ      28%          11%         7


Dungeon Overview and Level Annotations

Branches:
Dungeon (11/15)            Temple (1/1) D:4            Lair (2/6) D:10
    Orc (0/2) D:9          Bailey (visited)
  Swamp: Lair:2-4    Shoals: Lair:2-4     Snake: Lair:2-4    Spider: Lair:2-4

Altars:
Ashenzari
Cheibriados
Dithmenos
Elyvilon
Fedhas
Gozag
Hepliaklqana
Kikubaaqudgha
Makhleb
Nemelex Xobeh
Okawaru
Qazlal
Ru
Sif Muna
Trog
Uskayaw
Vehumet
Wu Jian
Xom
Yredelemnul
Zin
The Shining One

Shops:
D:4 *   D:5 =   D:6 :   D:9 *   D:10 *


Message History

You feel sick. The cane toad closely misses you.
Your crimson imp hits the cane toad.
Your crimson imp blinks!
The cane toad stings you!!
* * * LOW HITPOINT WARNING * * *
You are lethally poisoned!
The cane toad poisons you!
Casting: Magic Dart (safe; 1% risk of failure)
Confirm with . or Enter, or press ? or * to list all spells.
Aiming: Magic Dart (safe; 1% risk of failure)
Press: ? - help, Shift-Dir - straight line, f/p - cane toad
Aim: a cane toad (moderately wounded, 0% to evade)
The magic dart hits the cane toad but does no damage.
The cane toad is moderately wounded.
* * * LOW HITPOINT WARNING * * *
You feel sick.
Your crimson imp blinks!
Your iron imp hits the cane toad but does no damage.
The cane toad stings you!
You die...

.#.P#.##.#.#.#...........
.................†#P....#
................§........
.....................)...
.........................
...........5..[.......5..
..........>.....5........
.......####.##..F§.......
.......# ####..@........
.......## #.........##
........# ##........#
..#.....######........##
##..........#.#.......#
##...................#
##.....#.+#..#......# #
#......#.....#.......#
####...........#........#


You could see a cane toad, a friendly iron imp (summoned) and 2 friendly crimson
imps.

Vanquished Creatures
  Harold (Lair:1)
  2 hydras
  A two-headed ogre (D:9)
  Sonja (Lair:1)
  A centaur zombie (D:10)
  A black mamba (Lair:1)
  A gargoyle (D:10)
  3 cane toads
  4 komodo dragons
  3 blink frogs (Lair:1)
  17 yaks
  A basilisk (Lair:1)
  A warg (D:10)
  5 water moccasins
  2 sky beasts
  Duvessa (D:4)
  12 orc warriors
  An ice beast (D:5)
  3 phantoms
  5 ogres
  15 wolves
  10 centaurs
  2 big kobolds
  11 bullfrogs
  A gnoll sergeant (D:7)
  2 scorpions
  6 killer bees
  4 wights
  6 howler monkeys
  A jelly (D:8)
  A gnoll shaman (D:7)
  A hound (D:7)
  7 orc priests
  Jessica (D:8)
  6 orc wizards
  5 worker ants
  A worker ant zombie (D:5)
  9 gnolls
  8 adders
  2 shadow imps
  A white imp (D:6)
  2 ufetubi (D:5)
  An ooze (D:2)
  An adder skeleton (D:5)
  2 worms (D:3)
  2 dart slugs
  3 leopard geckos
  69 orcs
  6 giant cockroaches
  6 goblins
  7 hobgoblins
  4 jackals
  2 quokkas (D:8)
  4 bats
  2 frilled lizards
  2 jackal zombies
  13 kobolds
  2 rats (D:3)
294 creatures vanquished.

Vanquished Creatures (collateral kills)
  A centaur zombie (D:10)
  2 cane toads
  A hornet (D:7)
  2 basilisks
  2 yaks (Lair:1)
  2 wargs (D:10)
  Edmund (D:6)
  An orc warrior (D:7)
  2 sky beasts
  2 phantoms
  4 ogres
  A centaur (D:6)
  2 bullfrogs
  2 scorpions
  Dowan (D:4)
  A wight (D:9)
  A killer bee (D:7)
  5 howler monkeys
  An orc priest (D:8)
  A jelly (D:6)
  A centaur skeleton (D:9)
  A hound (D:8)
  3 orc wizards
  Ijyb (D:5)
  2 worker ants
  A hound zombie (D:6)
  A worker ant zombie (D:7)
  3 gnolls (D:5)
  3 adders
  A shadow imp (D:5)
  A white imp (D:5)
  12 orcs
  2 goblins (D:10)
  2 jackals (D:4)
  4 kobolds
  A leopard gecko skeleton (D:6)
74 creatures vanquished.

Vanquished Creatures (others)
  45 foxfires
  16 fungi
  20 plants
81 creatures vanquished.

Grand Total: 449 creatures vanquished

Notes
Turn   | Place    | Note
-------+----------+-------------------------------------------
     0 | D:1      | hatsuma the Deep Elf Hedge Wizard began the quest for the
                  | Orb.
     0 | D:1      | Reached XP level 1. HP: 10/10 MP: 7/7
   624 | D:1      | Reached XP level 2. HP: 15/15 MP: 6/9
   671 | D:1      | Learned a level 2 spell: Blink
   674 | D:1      | Learned a level 2 spell: Call Imp
   677 | D:1      | Learned a level 2 spell: Slow
  1103 | D:1      | Reached skill level 1 in Hexes
  1559 | D:2      | Reached XP level 3. HP: 8/19 MP: 1/10
  1563 | D:2      | Learned a level 3 spell: Conjure Flame
  2380 | D:2      | Found a faded altar of an unknown god.
  2920 | D:3      | Found a basalt altar of Yredelemnul.
  3353 | D:3      | Reached XP level 4. HP: 12/24 MP: 3/12
  4274 | D:3      | Found a hide-covered altar of Uskayaw.
  4329 | D:4      | Found Quulan's Assorted Antiques.
  4379 | D:4      | Noticed Duvessa
  4379 | D:4      | Noticed Dowan
  4419 | D:3      | Reached skill level 1 in Fire Magic
  4670 | D:4      | Reached XP level 5. HP: 21/28 MP: 5/13
  4757 | D:4      | Noticed an ogre
  4775 | D:4      | Killed an ogre
  4928 | D:4      | Noticed an ogre
  4930 | D:4      | Reached XP level 6. HP: 17/32 MP: 4/14
  5189 | D:4      | Learned a level 3 spell: Mephitic Cloud
  5331 | D:4      | Found an ornate altar of the Wu Jian Council.
  5333 | D:4      | Found a broken altar of Ashenzari.
  5397 | D:4      | Found a staircase to the Ecumenical Temple.
  5423 | Temple   | Entered the Ecumenical Temple
  5664 | D:4      | Killed Dowan
  5950 | D:4      | Killed Duvessa
  5951 | D:4      | Reached skill level 1 in Fighting
  6094 | D:4      | Reached skill level 1 in Poison Magic
  6145 | D:4      | Reached skill level 1 in Air Magic
  6379 | D:4      | Found a glowing silver altar of Zin.
  6379 | D:4      | Found a glowing golden altar of the Shining One.
  6379 | D:4      | Found a white marble altar of Elyvilon.
  6449 | D:4      | Found a hazy altar of Hepliaklqana.
  6449 | D:4      | Found a blossoming altar of Fedhas.
  6523 | Temple   | Became a worshipper of Vehumet
  6577 | D:5      | Entered Level 5 of the Dungeon
  6801 | D:5      | Noticed an ice beast
  6822 | D:5      | Killed an ice beast
  6823 | D:5      | Reached XP level 7. HP: 39/39 MP: 1/15
  7800 | D:5      | Noticed Ijyb
  7886 | D:5      | Killed Ijyb
  7984 | D:5      | Found Wiygg's Jewellery Emporium.
  8084 | D:5      | Found an ancient bone altar of Kikubaaqudgha.
  8216 | D:6      | Found Dotal's Book Shoppe.
  8250 | D:6      | Reached XP level 8. HP: 22/44 MP: 2/16
  8481 | D:6      | Noticed Maggie
  8552 | D:6      | Reached * piety under Vehumet
  8552 | D:6      | Offered knowledge of Shock by Vehumet.
  8581 | D:6      | Learned a level 1 spell: Shock
  8609 | D:6      | Noticed Edmund
  8640 | D:6      | Killed Edmund
  8830 | D:6      | Reached skill level 5 in Spellcasting
  9266 | D:6      | Found a shimmering altar of Xom.
  9349 | D:6      | Noticed Maggie
  9349 | D:6      | Maggie changed into Maggie the sky beast
  9367 | D:6      | Killed Maggie the sky beast
  9368 | D:6      | Reached skill level 6 in Spellcasting
 10382 | D:7      | Reached skill level 1 in Evocations
 11056 | D:7      | Noticed a hornet
 11079 | D:7      | Killed a hornet
 11080 | D:7      | Reached XP level 9. HP: 50/50 MP: 11/20
 11151 | D:7      | Reached skill level 5 in Conjurations
 11959 | D:8      | Noticed Jessica
 11968 | D:8      | Killed Jessica
 11969 | D:8      | Reached skill level 7 in Spellcasting
 11972 | D:8      | Found a shimmering blue altar of Sif Muna.
 12408 | D:8      | Reached skill level 5 in Poison Magic
 12774 | D:8      | Found a shimmering blue altar of Sif Muna.
 12774 | D:8      | Found an iron altar of Okawaru.
 13318 | D:6      | Bought a Young Poisoner's Handbook for 480 gold pieces
 13321 | D:6      | Learned a level 2 spell: Poisonous Vapours
 13325 | D:6      | Learned a level 3 spell: Ignite Poison
 13394 | D:8      | Reached skill level 1 in Transmutations
 13435 | D:9      | Noticed a two-headed ogre
 13478 | D:9      | Offered knowledge of Foxfire by Vehumet.
 13482 | D:9      | Reached ** piety under Vehumet
 13489 | D:9      | Learned a level 1 spell: Foxfire
 13512 | D:9      | Noticed a six-headed hydra
 13723 | D:9      | Learned a level 2 spell: Passwall
 13914 | D:9      | Reached skill level 1 in Earth Magic
 14158 | D:9      | Killed a two-headed ogre
 14236 | D:9      | Found Agupny Runac's General Store.
 14259 | D:9      | Found a staircase to the Orcish Mines.
 14433 | D:9      | Offered knowledge of Frozen Ramparts by Vehumet.
 14454 | D:9      | Reached skill level 8 in Spellcasting
 14804 | D:9      | Reached *** piety under Vehumet
 14814 | D:9      | Reached XP level 10. HP: 56/56 MP: 9/24
 14908 | D:9      | Reached skill level 9 in Spellcasting
 14915 | D:9      | Learned a level 3 spell: Frozen Ramparts
 15163 | D:10     | Entered Level 10 of the Dungeon
 15270 | D:10     | Reached skill level 1 in Ice Magic
 15443 | D:10     | Found Sigian's Lightly-Used Armoury.
 15505 | D:10     | Found a flagged portal.
 15519 | Bailey   | Entered a bailey
 15535 | Bailey   | Offered knowledge of Inner Flame by Vehumet.
 15773 | Bailey   | Learned a level 3 spell: Inner Flame
 15795 | Bailey   | Reached skill level 10 in Spellcasting
 15971 | Bailey   | Reached skill level 11 in Spellcasting
 16018 | Bailey   | Reached **** piety under Vehumet
 16052 | Bailey   | Offered knowledge of Iskenderun's Mystic Blast by Vehumet.
 16275 | D:10     | Reached skill level 1 in Armour
 16474 | D:10     | Found a staircase to the Lair.
 16744 | D:10     | Reached skill level 5 in Armour
 17256 | D:11     | Noticed a two-headed ogre
 17288 | D:11     | Reached XP level 11. HP: 60/60 MP: 14/28
 17308 | D:10     | Learned a level 4 spell: Iskenderun's Mystic Blast
 17811 | Lair:1   | Entered Level 1 of the Lair of Beasts
 17898 | Lair:1   | Noticed a four-headed hydra
 18508 | Lair:1   | Reached skill level 12 in Spellcasting
 18753 | Lair:1   | Noticed Sonja
 18790 | Lair:1   | Killed Sonja
 18791 | Lair:1   | Reached skill level 5 in Hexes
 19083 | Lair:1   | Noticed Harold
 19097 | Lair:1   | Killed Harold
 19116 | Lair:1   | Killed a four-headed hydra
 19127 | Lair:1   | Reached skill level 5 in Earth Magic
 19435 | D:10     | Reached skill level 5 in Summonings
 19882 | Lair:1   | Reached ***** piety under Vehumet
 19909 | Lair:1   | Offered knowledge of Ozocubu's Refrigeration by Vehumet.
 20861 | Lair:2   | Reached XP level 12. HP: 64/64 MP: 19/30
 21081 | Lair:2   | Noticed a six-headed hydra
 21197 | Lair:2   | Killed a six-headed hydra
 21390 | Lair:2   | Reached skill level 10 in Conjurations
 21836 | Lair:2   | Mangled by a cane toad

Illustrated notes

Levels and vault maps discovered:
D:1:      dpeg_arrival_concentric_ovals, layout_basic
D:2:      layout_basic, chequers_ecumenical_altar_grove
D:3:      layout_loops_ring, old_standard_altar, lemuel_crystal_altar
D:4:      layout_cave_pools, good_gods_mini_temple,
          gammafunk_temple_overflow_elements, minitemple,
          minmay_temple_entry_tees, minmay_shop_grid_forest, uniq_duvessa
D:5:      layout_rooms, lemuel_doored_altar, serial_shops, nicolae_shop_stone,
          uniq_ijyb
D:6:      layout_basic, general_overflow_altar, serial_shops, shop, uniq_maggie,
          uniq_edmund
D:7:      layout_layer_cave
D:8:      layout_rooms, gammafunk_temple_overflow_pools, tgw_sif
D:9:      layout_roguey, hiddenorc2_lemuel, serial_shops, shop
D:10:     layout_stronghold, erik_lair_orcish_takeover, enter_bailey_4,
          minmay_shop_damaged
D:11:     layout_big_octagon
Temple:   jpeg_temple_island
Lair:1:   layout_small_grid, infiniplex_staircase_pool, grunt_megastairs_5,
          uniq_sonja, uniq_harold
Lair:2:   layout_chaotic_city, basic_altar

Skill      XL: |  1  2  3  4  5  6  7  8  9 10 11 12 |
---------------+-------------------------------------+-----
Translocations | 2 4 |  4.1
Hexes          | 2 3 4 6 |  6.1
Conjurations   | 2 3 4 5 7 8 10 | 10.0
Summonings     | 2 3 4 7 |  7.0
Fire Magic     | 2 3 4 6 |  6.0
Fighting       | 1 3 |  3.0
Poison Magic   | 2 4 5 |  5.2
Air Magic      | 1 3 4 |  4.0
Spellcasting   | 6 8 11 12 | 12.0
Evocations     | 1 2 |  2.4
Transmutations | 3 4 |  4.0
Earth Magic    | 4 5 |  5.6
Ice Magic      | 3 4 |  4.2
Armour         | 5 |  5.0
Stealth        | 3 |  3.4
Dodging        | |  2.9

Action                   |  1- 3 |  4- 6 |  7- 9 | 10-12 || total
-------------------------+-------+-------+-------+-------++-------
Melee: Dagger            |    27 |    69 |   271 |   137 ||   504
       Unarmed           |       |       |     2 |       ||     2
       Quarterstaff      |       |       |     7 |       ||     7
 Fire: Shortbow          |       |       |     2 |       ||     2
 Cast: Magic Dart        |    97 |    61 |   204 |   111 ||   473
       Slow              |     7 |    14 |    21 |     9 ||    51
       Call Imp          |     1 |    25 |   111 |    76 ||   213
       Blink             |     1 |       |     8 |    13 ||    22
       Conjure Flame     |       |     2 |     4 |     5 ||    11
       Mephitic Cloud    |       |       |    23 |    36 ||    59
       Shock             |       |       |    29 |     7 ||    36
       Ignite Poison     |       |       |    10 |    75 ||    85
       Poisonous Vapours |       |       |     3 |    95 ||    98
       Foxfire           |       |       |     2 |    26 ||    28
       Frozen Ramparts   |       |       |       |    16 ||    16
       Inner Flame       |       |       |       |     3 ||     3
       Passwall          |       |       |       |     2 ||     2
       Iskenderun's Myst |       |       |       |     1 ||     1
Evoke: Wand              |       |       |     1 |       ||     1
  Use: Scroll            |     6 |     2 |     6 |     6 ||    20
       Potion            |     1 |       |     2 |     3 ||     6
 Stab: Sleeping          |     1 |     1 |     2 |     2 ||     6
       Distracted        |       |       |     8 |     2 ||    10
       Confused          |       |       |     1 |       ||     1
Armor: Robe              |     5 |    13 |    52 |       ||    70
       Steam dragon scal |       |       |    57 |    76 ||   133
Dodge: Dodged            |    26 |    54 |   245 |   137 ||   462
